 Dungeon Crawl Stone Soup version 0.32-a0-918-g0f22ef8d61 (webtiles) character file.

Game seed: 2427042934072227205

8903 Autsider the Thaumaturge (level 11, -5/89 HPs)
             Began as a Mummy Necromancer on Apr 10, 2024.
             Slain by a troll (10 damage)
             ... on level 10 of the Dungeon.
             The game lasted 00:33:49 (11210 turns).

Autsider the Thaumaturge (Mummy Necromancer)       Turns: 11210, Time: 00:33:49

Health: -5/89      AC: 11    Str: 17    XL:     11   Next: 16%
Magic:  2/27       EV: 25    Int: 18    God:
Gold:   339        SH:  0    Dex: 14    Spells: 24/34 levels left

rFire   . . .        b - staff of death
rCold   + + +        (no shield)
rNeg    + + +        D - +0 troll leather armour
rPois   ∞            h - +0 helmet
rElec   .            k - +2 cloak
rCorr   .            q - +2 pair of gloves of the Miller {rC++}
SInv    .            a - +0 pair of boots {Stlth+}
Will    +....        l - amulet of the acrobat
Stlth   +++          o - ring of protection from fire
HPRegen 1.14/turn    t - +6 ring of strength
MPRegen 0.20/turn

%: acrobat, faith
@: acrobatic
A: cold resistance 1, negative energy resistance 3, torment resistance 2, heat
vulnerability 1, in touch with death 1, no potions, faith
a: no special abilities


You were on level 10 of the Dungeon.
You visited 1 branch of the dungeon, and saw 10 of its levels.
You also visited: Sewer.

You collected 586 gold pieces.
You spent 247 gold pieces at shops.

Inventory:

Hand Weapons
 d - a +1 whip of flaming
 j - a +0 antimagic long sword
 m - the +3 war axe of Chance {freeze, rC+ rCorr SInv}
   (You found it on level 5 of the Dungeon)

   rC+:       It protects you from cold.
   SInv:      It lets you see invisible.
   rCorr:     It protects you from acid and corrosion.
 x - a +2 war axe of flaming
 F - a +1 dagger of venom
Missiles
 C - a throwing net
 G - a curare-tipped dart
Armour
 a - a +0 pair of boots of stealth (worn)
 h - a +0 helmet (worn)
 k - a +2 cloak (worn)
 p - a +0 pair of boots of flying
 q - the +2 pair of gloves of the Miller (worn) {rC++}
   (You bought it in a shop on level 5 of the Dungeon)

   rC++:      It greatly protects you from cold.
 D - a +0 troll leather armour (worn)
Magical Staves
 b - a staff of death (weapon)
Jewellery
 l - an amulet of the acrobat (around neck)
 o - a ring of protection from fire (left hand)
 t - a +6 ring of strength (right hand)
 w - a ring of ice
 E - a ring of resist corrosion
Wands
 r - a wand of warping (15)
 v - a wand of charming (14)
 y - a wand of flame (65)
 A - a wand of mindburst (7)
 B - a wand of quicksilver (15)
Scrolls
 c - 3 scrolls of vulnerability
 e - 2 scrolls of teleportation {@r2}
 f - 3 scrolls of immolation
 g - 2 scrolls of amnesia
 i - 2 scrolls of fog
 n - a scroll of enchant weapon
 u - 2 scrolls of revelation
 z - a scroll of acquirement
 H - a scroll of identify {@r1}


   Skills:
 + Level 9.5 Fighting
 + Level 3.1 Armour
 - Level 1.5 Dodging
 - Level 3.0 Stealth
 + Level 12.3 Spellcasting
 + Level 1.0 Conjurations
 - Level 8.0 Necromancy
 - Level 5.0 Evocations


You had 24 spell levels left.
You knew the following spells:

 Your Spells              Type           Power      Damage    Failure   Level
a - Necrotise             Necr           100%       1d9       1%          1
b - Vampiric Draining     Necr           74%        2d11      1%          3
c - Searing Ray           Conj           28%        2d5       8%          2
w - Animate Dead          Necr           74%        N/A       2%          4

Your spell library contained the following spells:

 Spells                   Type           Power      Damage    Failure   Level
 Magic Dart               Conj           56%        1d5       4%          1
 Curse of Agony           Necr           74%        N/A       8%          5
 Jinxbite                 Hex            22%        N/A       11%         2
 Stone Arrow              Conj/Erth      26%        3d8       19%         3
 Fulminant Prism          Conj/Alch      6%         3d7       52%         4
 Animate Armour           Summ/Erth      22%        N/A       58%         4
 Yara's Violent Unravell  Hex/Alch       5%         3d4       90%         5
 Enfeeble                 Hex            5%         N/A       100%        7
 Lehudib's Crystal Spear  Conj/Erth      6%         10d3      100%        8


Dungeon Overview and Level Annotations

Branches:
Dungeon (10/15)             Sewer (visited)
 Temple: D:4-7         Lair: D:8-11         Orc: D:9-12

Altars:
Cheibriados
Ru
Sif Muna
Xom
Yredelemnul

Shops:
D:5 [

Annotations:
D:4 1 transporter, Grinder
D:9 1 runed translucent door, Konar's ghost, novice CoHu


Innate Abilities, Weirdness & Mutations

You are immune to poison.
Your flesh is cold resistant. (rC+)
You are immune to negative energy. (rN+++)
You are immune to unholy pain and torment.
You are vulnerable to heat. (rF-)
You are in touch with the powers of death.
You do not drink.
You have a special connection with the divine. (Faith)


Message History

Your yak zombie gores the troll!
Something gores your howler monkey zombie!
The yak gores your howler monkey zombie!
Your howler monkey zombie is destroyed!
The troll bites your yak zombie. The troll claws your yak zombie!
Your yak zombie is destroyed!
Your howler monkey zombie hits the yak.
You hit the yak but do no damage.
The yak is lightly wounded.
The yak completely misses you.
Your howler monkey zombie closely misses the yak.
The troll bites your howler monkey zombie!!
Your howler monkey zombie is destroyed!
Something gores your yak skeleton.
You closely miss the yak.
The yak is lightly wounded.
Your yak skeleton gores the yak.
The yak gores you but does no damage. The troll closely misses you.
The troll barely misses you. The troll closely misses you.
The troll misses you. The troll claws you.
* * * LOW HITPOINT WARNING * * *
The troll completely misses you. The yak attacks as it pursues you!
The yak completely misses you. The yak barely misses you. The troll bites you!
* * * LOW HITPOINT WARNING * * *
The troll barely misses you. The troll completely misses you.
You open the door.
Your yak skeleton gores the yak.
The yak gores you!
* * * LOW HITPOINT WARNING * * *
The troll closely misses you. The troll claws you.
* * * LOW HITPOINT WARNING * * *
The troll claws you.
* * * LOW HITPOINT WARNING * * *
The yak closely misses you. The yak completely misses you.
Your yak skeleton gores the yak.
There is an open door here.
The troll attacks as it pursues you! The troll closely misses you.
The troll completely misses you. x2
The yak gores something!
The troll attacks as it pursues you! The troll misses you. The troll claws you!
You die...

#.....#...$....#
#.....#........#
#.....#........#
#.....#........#
#.....'........#
#######Z.YY....#
#......##'######
#......#T..#
#......@...#
#......##+######
...#####........#
.. #.<†.....# .
#........#
#........#
#........#
#....##### #....#


You could see 2 yaks and a troll.

Vanquished Creatures
  Pikel (D:7)
  Jeremiah (D:8)
  Psyche (D:8)
  A troll (D:10)
  A hornet (D:8)
  A shadow (D:9)
  A wyvern (D:8)
  13 yaks
  4 steam dragons
  Menkaure (D:7)
  6 water moccasins
  3 sky beasts
  3 black bears
  An ice beast (D:6)
  2 ogres
  A centaur (D:6)
  A phantom (D:6)
  A kobold brigand (D:9)
  4 bullfrogs
  6 scorpions
  3 howler monkeys (D:10)
  2 bombardier beetles (D:5)
  A hound (D:5)
  A gnoll bouda (D:7)
  3 orc priests
  3 jellies
  2 iguanas
  2 orc wizards
  Robin (D:4)
  5 gnolls
  7 adders
  A shadow imp (D:7)
  2 ufetubi (D:6)
  11 dart slugs
  2 ribbon worms
  22 orcs
  10 endoplasms
  8 giant cockroaches
  17 goblins
  9 hobgoblins
  4 jackals (D:3)
  10 kobolds
  4 quokkas
  11 ball pythons
  7 bats
  7 frilled lizards
  5 rats
213 creatures vanquished.

Vanquished Creatures (collateral kills)
  Gastronok (D:8)
  A yak (D:10)
  A water moccasin (D:6)
  An ice beast (D:8)
  A centaur (D:8)
  A bullfrog (D:8)
  4 wights (D:8)
  An orc wizard (D:6)
  A gnoll (D:2)
  A white imp (D:7)
  5 dart slugs (Sewer)
  3 ball pythons
  2 bats
  7 endoplasms
  2 giant cockroaches (Sewer)
  2 hobgoblins
  A kobold (D:2)
  5 frilled lizards (Sewer)
40 creatures vanquished.

Vanquished Creatures (others)
  A hornet zombie (D:8)
  A wyvern zombie (D:8)
  2 yak zombies
  A centaur zombie (D:8)
  A scorpion zombie (D:6)
  A sky beast zombie (D:8)
  3 howler monkey zombies (D:10)
  An iguana zombie (D:6)
  An adder zombie (D:6)
  2 gnoll zombies (D:7)
  3 ball python zombies (Sewer)
  2 dart slug zombies (Sewer)
  3 endoplasm zombies (Sewer)
  A giant cockroach zombie (Sewer)
  3 goblin zombies (D:4)
  A hobgoblin zombie (D:4)
  A jackal zombie (D:3)
  2 kobold zombies (D:9)
  2 orc zombies (D:5)
32 creatures vanquished.

Grand Total: 285 creatures vanquished

Notes
Turn   | Place    | Note
-------+----------+-------------------------------------------
     0 | D:1      | Autsider the Mummy Necromancer began the quest for the Orb.
     0 | D:1      | Reached XP level 1. HP: 13/13 MP: 4/4
    83 | D:1      | Reached skill level 3 in Spellcasting
   203 | D:1      | Reached XP level 2. HP: 15/20 MP: 0/6
   365 | D:1      | Reached skill level 1 in Fighting
   941 | D:1      | Reached skill level 4 in Spellcasting
   941 | D:1      | Reached XP level 3. HP: 26/26 MP: 4/8
   945 | D:1      | Learned a level 3 spell: Vampiric Draining
  1525 | D:1      | Reached XP level 4. HP: 23/33 MP: 0/10
  2004 | D:2      | Learned a level 4 spell: Animate Dead
  2535 | D:3      | Identified the +0 robe "Rohongist" {^Contam rPois Str+8}
  2550 | D:3      | Identified a scroll of acquirement
  2551 | D:3      | Acquired a staff of death
  2563 | D:3      | Reached skill level 5 in Spellcasting
  2704 | D:3      | Reached XP level 5. HP: 38/38 MP: 7/12
  3343 | D:4      | Noticed Robin
  3386 | D:4      | Killed Robin
  3506 | D:4      | Found a basalt altar of Yredelemnul.
  3713 | D:4      | Found a shimmering altar of Xom.
  3809 | D:4      | Noticed Grinder
  3809 | D:4      | Paralysed by Grinder for 3 turns
  3823 | D:4      | Found a transporter.
  3833 | D:5      | Entered Level 5 of the Dungeon
  3833 | D:5      | Noticed a water moccasin
  3833 | D:5      | Found a shimmering blue altar of Sif Muna.
  3837 | D:5      | Killed a water moccasin
  3838 | D:5      | Reached skill level 6 in Spellcasting
  3838 | D:5      | Reached XP level 6. HP: 45/47 MP: 5/15
  3917 | D:5      | Identified the +3 war axe of Chance {freeze, rC+ rCorr
                  | SInv}
  3940 | D:5      | Reached skill level 5 in Necromancy
  4005 | D:5      | Noticed a water moccasin
  4011 | D:5      | Killed a water moccasin
  4012 | D:5      | Reached skill level 7 in Spellcasting
  4012 | D:5      | Reached XP level 7. HP: 52/52 MP: 7/17
  4201 | D:5      | Found Ziamegh's Antique Armour Shop.
  4304 | D:5      | Found a glowing drain.
  4325 | Sewer    | Entered a sewer
  4716 | D:5      | Reached skill level 8 in Spellcasting
  5273 | D:5      | Bought a pair of faintly glowing gloves for 247 gold pieces
  5273 | D:5      | Identified the +2 pair of gloves of the Miller {rC++} (You
                  | bought it in a shop on level 5 of the Dungeon)
  5323 | D:6      | Reached skill level 5 in Fighting
  5323 | D:6      | Reached XP level 8. HP: 62/62 MP: 14/20
  5720 | D:6      | Reached skill level 1 in Evocations
  6640 | D:6      | Reached XP level 9. HP: 69/69 MP: 14/21
  7040 | D:7      | Reached skill level 9 in Spellcasting
  7276 | D:7      | Found a sacrificial altar of Ru.
  7276 | D:7      | Found a snail-covered altar of Cheibriados.
  7284 | D:7      | Found a faded altar of an unknown god.
  7288 | D:7      | Found a faded altar of an unknown god.
  7790 | D:7      | Noticed Menkaure
  7808 | D:7      | Killed Menkaure
  8517 | D:7      | Reached skill level 10 in Spellcasting
  8538 | D:8      | Noticed Pikel
  8540 | D:8      | Noticed Jeremiah
  8742 | D:7      | Killed Pikel
  8854 | D:8      | Reached XP level 10. HP: 72/79 MP: 13/24
  9115 | D:8      | Reached skill level 5 in Evocations
  9121 | D:8      | Killed Jeremiah
  9122 | D:8      | Reached skill level 11 in Spellcasting
  9166 | D:8      | Noticed Psyche
  9173 | D:8      | Killed Psyche
  9503 | D:8      | Noticed Gastronok
  9526 | D:8      | Killed Gastronok
  9527 | D:8      | Reached skill level 1 in Armour
 10054 | D:9      | Reached skill level 12 in Spellcasting
 10138 | D:9      | Found a runed translucent door.
 10145 | D:9      | Noticed Konar's ghost (novice CoHu)
 10152 | D:9      | Noticed an entropy weaver
 10368 | D:8      | Reached XP level 11. HP: 89/89 MP: 15/27
 10465 | D:9      | a crocodile changed into an entropy weaver
 10465 | D:9      | Noticed an entropy weaver (shapeshifter)
 10480 | D:9      | an entropy weaver changed into a spriggan
 10581 | D:8      | Learned a level 2 spell: Searing Ray
 11103 | D:10     | Entered Level 10 of the Dungeon
 11200 | D:10     | Reached skill level 1 in Conjurations
 11207 | D:10     | HP: 1/89 [troll (6)]
 11210 | D:10     | Slain by a troll

Illustrated notes

Levels and vault maps discovered:
D:1:      dpeg_arrival_lava_altar, layout_basic, lemuel_flame_loot_1
D:2:      layout_loops_ring
D:3:      layout_basic
D:4:      layout_basic, mainiacjoe_overflow_cross_hatched,
          regret_index_xom_buried_treasure, temple_statues,
          gammafunk_ghost_stat_death, uniq_robin, uniq_grinder
D:5:      layout_rooms, mainiacjoe_overflow_boulevard, serial_shops, shop,
          serial_co_window_serial, co_window_paths_a, co_window_corner_a,
          co_window_paths_a, co_window_of_opportunity_a, co_window_paths_b,
          co_window_cross_3, co_window_unsneaky_path_a,
          co_window_unsneaky_path_b, co_window_paths_d, glass_columns_b,
          glass_columns_b, glass_columns_a, glass_columns_b,
          gup_sewer_entry_glass, kennysheep_generic_room_3
D:6:      layout_gridville
D:7:      layout_basic, chequers_temple_overflow_minitemple, uniq_menkaure
D:8:      layout_cave_pools, minmay_misc_feat_chi, uniq_pikel, uniq_psyche,
          uniq_gastronok, uniq_jeremiah
D:9:      layout_basic, nicolae_gozag_seed_capital, ebering_ghost_inner_flame
D:10:     layout_gridville, grunt_decor_resistance, minmay_microvault

Skill      XL: |  1  2  3  4  5  6  7  8  9 10 11 |
---------------+----------------------------------+-----
Spellcasting   | 3 4 5 6 7 8 10 12 | 12.3
Fighting       | 1 2 3 5 6 7 9 |  9.5
Necromancy     | 5 6 7 8 |  8.0
Stealth        | 2 3 |  3.0
Evocations     | 2 4 5 |  5.0
Armour         | 2 3 |  3.1
Conjurations   | 1 |  1.0
Dodging        | |  1.5

Action                     |  1- 3 |  4- 6 |  7- 9 | 10-12 || total
---------------------------+-------+-------+-------+-------++-------
  Melee: Unarmed           |    50 |       |       |       ||    50
         Spear             |       |    42 |       |       ||    42
         Staff             |       |   123 |   290 |    70 ||   483
   Cast: Necrotise         |    57 |    38 |    21 |     6 ||   122
         Vampiric Draining |       |    24 |    88 |    78 ||   190
         Animate Dead      |       |     2 |     7 |     4 ||    13
         Searing Ray       |       |       |       |     9 ||     9
    Use: Scroll            |       |     7 |     4 |     1 ||    12
   Stab: Sleeping          |     1 |     3 |     1 |       ||     5
         Distracted        |       |       |     3 |       ||     3
 Armour: Robe              |    35 |   122 |   302 |    46 ||   505
         Troll leather arm |       |       |       |   131 ||   131
  Dodge: Dodged            |    47 |   122 |   285 |   146 ||   600

Table legend: (Time is in decaauts)
 A = Elapsed time spent in this place.
 B = Non-inter-level travel time spent in this place.
 C = Inter-level travel time spent in this place.
 D = Time resting spent in this place.
 E = Time spent auto-exploring this place.
 F = Levels seen in this place.
 G = Mean time per level.
                   A        B        C        D        E       F      G
               +--------+--------+--------+--------+--------+-----+--------+
         Total |  11379 |  10808 |    571 |   1172 |   6949 |  11 | 1034.5 |
       Dungeon |  10986 |  10415 |    571 |   1172 |   6920 |  10 | 1098.6 |
         Sewer |    392 |    392 |      0 |      0 |     29 |   1 |  392.0 |
               +--------+--------+--------+--------+--------+-----+--------+

Top non-repeatable levels by time:
     D:7: 1945 daAuts
     D:6: 1658 daAuts
     D:1: 1493 daAuts
     D:8: 1207 daAuts
     D:5: 1169 daAuts
     D:9: 1034 daAuts
     D:3: 951 daAuts
     D:2: 885 daAuts
     D:4: 530 daAuts
   Sewer: 392 daAuts
    D:10: 110 daAuts
